 Dungeon Crawl Stone Soup version 0.27.1-15-g792fb953b9 (webtiles) character file.

Game seed: 5876045185298802162

329 Findor the Firebug (level 6, -6/36 HPs)
             Began as an Octopode Fire Elementalist on Nov 19, 2021.
             Mangled by an ogre (13 damage)
             ... on level 3 of the Dungeon.
             The game lasted 00:09:44 (4441 turns).

Findor the Firebug (Octopode Fire Elementalist)     Turns: 4441, Time: 00:09:45

Health: -6/36      AC:  1    Str:  7    XL:     6   Next: 50%
Magic:  9/10       EV: 13    Int: 20    God:
Gold:   101        SH:  0    Dex: 12    Spells: 3/11 levels left

rFire    . . .     SeeInvis .   o - +1 dagger (drain)
rCold    . . .     Faith    .   (no shield)
rNeg     . . .     Spirit   .   (helmet restricted)
rPois    .         Reflect  .   (no amulet)
rElec    .         Harm     .   (no ring)
rCorr    .         Rampage  .   (no ring)
Will     .....                  (no ring)
Stlth    ++++......             (no ring)
HPRegen  0.12/turn              (no ring)
MPRegen  0.12/turn              (no ring)
                                (no ring)
                                (no ring)

@: no status effects
A: almost no armour, amphibious, 8 rings, camouflage 1, gelatinous body 1,
(nimble swimmer 1), tentacles
a: no special abilities


You were on level 3 of the Dungeon.
You visited 1 branch of the dungeon, and saw 4 of its levels.

You collected 101 gold pieces.


Innate Abilities, Weirdness & Mutations

You cannot wear most types of armour.
You are amphibious.
You can wear up to eight rings at the same time.
Your skin changes colour to match your surroundings (Stealth+).
Your rubbery body absorbs attacks. (AC +1, EV +1)
((You are camouflaged near water. (Stealth+)))
You have tentacles for arms and can constrict up to eight enemies at once.


   Skills:
 - Level 0.1 Short Blades
 - Level 2.0 Dodging
 + Level 4.4 Stealth
 + Level 3.2 Spellcasting
 + Level 2.9 Conjurations
 * Level 5.1 Fire Magic


You had 3 spell levels left.
You knew the following spells:

 Your Spells              Type           Power      Damage    Failure   Level
a - Foxfire               Conj/Fire      76%        2x1d7     2%          1
d - Conjure Flame         Conj/Fire      19%        6-21      8%          3
q - Sticky Flame          Conj/Fire      19%        2d4       26%         4

Your spell library contained the following spells:

 Spells                   Type           Power      Damage    Failure   Level
 Summon Small Mammal      Summ           12%        N/A       14%         1
 Inner Flame              Hex/Fire       13%        N/A       14%         3
 Call Canine Familiar     Summ           3%         N/A       38%         3
 Summon Guardian Golem    Hex/Summ       3%         N/A       38%         3
 Fireball                 Conj/Fire      9%         3d6       58%         5

Inventory:

Hand Weapons
 f - a +1 mace of protection
   (You took it off Terence on level 3 of the Dungeon)
 h - a +4 spear
   (You found it on level 2 of the Dungeon)
 o - a +1 dagger of draining (weapon)
   (You took it off an orc wizard on level 4 of the Dungeon)
Missiles
 b - 41 poisoned darts
 m - a throwing net (quivered) {!f}
Magical Staves
 i - a staff of air
   (You found it on level 2 of the Dungeon)
Jewellery
 k - a ring of fire
   (You found it on level 2 of the Dungeon)
Scrolls
 a - a scroll of noise {unknown}
 j - a scroll of teleportation {@r4}
 p - a scroll of identify {@r1}
 r - a scroll of torment {!r}
Potions
 c - a potion of might {unknown}
 d - a potion of degeneration {unknown}
 e - a potion of attraction {!q}
 n - a potion of resistance
 q - a potion of haste {unknown}


Message History

An adder comes into view.
Found a ring mail.
An adder is nearby!
Casting: Foxfire (safe; 2% risk of failure)
You conjure some foxfire!
An ogre comes into view. It is wielding a +0 giant club.
The ogre shouts!
Casting: Foxfire (safe; 2% risk of failure)
You conjure some foxfire!
The foxfire hits the adder!
The adder hisses angrily.
The foxfire hits the adder!
You kill the adder!
The foxfire hits the ogre. x2
Casting: Foxfire (safe; 2% risk of failure)
You conjure some foxfire!
A giant cockroach comes into view.
The foxfire hits the ogre. x2
Casting: Foxfire (safe; 2% risk of failure)
You conjure some foxfire!
The foxfire hits the ogre.
The foxfire hits the ogre but does no damage.
Casting: Foxfire (safe; 2% risk of failure)
You conjure some foxfire!
The foxfire hits the ogre!
The foxfire hits the ogre.
The ogre hits you with a +0 giant club!
The giant cockroach bites you but does no damage.
A gnoll comes into view. It is wielding a +0 halberd.
A gnoll comes into view. It is wielding a +0 flail.
The gnoll shouts! x2; You hear an angry hiss.
The gnoll hits you from afar with a +0 halberd.
* * * LOW HITPOINT WARNING * * *
The gnoll throws a stone.
The stone barely misses you. The gnoll barely misses you.
The giant cockroach waves its antennae.
There is a stone staircase leading up here.
The ogre hits you with a +0 giant club!
* * * LOW HITPOINT WARNING * * *
You climb upwards.
Level annotation: 2 transporters
There is a stone staircase leading down here.
There's nothing to close nearby.
You aren't carrying any items that you can evoke without wielding.
Unknown command.
Unknown command.
Okay, then.
Okay, then.
Casting: Foxfire (safe; 2% risk of failure)
You conjure some foxfire!
The foxfire hits the ogre.
The ogre hits you with a +0 giant club!
You die...

.## #.#### #.# #<.......
..# #.# #.# #.######.
#.# #.# #.# #.######.
#)# #.# #.# #....(...
#.# #.# #.#####
########. #.#
#.######.....# ## #.#
#.........##.# ##. #.#
#########v##.# #######..
#.# #@##.#####........
#.# #O##.##...........
#.# #.##.##.##.######.
#.### #.##.......# #.
#...# #.#####.#### #.
..#.############.# #.#
#####.
#.........(.....># #.#
#...#.
##.#########.###.#####.#
###.<.#. #.#.........#
#.......# #.....†.


You could see an ogre (ally target).

Vanquished Creatures
  A bullfrog zombie (D:4)
  2 hounds (D:4)
  Terence (D:3)
  3 orc wizards (D:4)
  5 adders
  A gnoll (D:4)
  2 worms (D:3)
  2 dart slugs
  6 orcs
  5 bats
  5 endoplasms
  A giant cockroach (D:4)
  7 hobgoblins
  6 jackals
  8 kobolds
  A quokka (D:1)
  2 ball pythons (D:4)
  2 frilled lizards
  9 goblins
  6 rats
75 creatures vanquished.

Vanquished Creatures (others)
  191 foxfires
191 creatures vanquished.

Grand Total: 266 creatures vanquished

Notes
Turn   | Place    | Note
-------+----------+-------------------------------------------
     0 | D:1      | Findor the Octopode Fire Elementalist began the quest for
                  | the Orb.
     0 | D:1      | Reached XP level 1. HP: 11/11 MP: 3/3
   529 | D:1      | Reached XP level 2. HP: 15/17 MP: 3/5
  1128 | D:1      | Reached XP level 3. HP: 19/21 MP: 6/6
  1193 | D:1      | Found Davitow's Antique Weapon Boutique.
  1202 | D:1      | Found a faded altar of an unknown god.
  2138 | D:3      | Reached skill level 3 in Stealth
  2218 | D:3      | Found a transporter.
  2218 | D:3      | Noticed a kobold demonologist
  2245 | D:3      | Reached XP level 4. HP: 22/27 MP: 3/7
  2365 | D:3      | Reached skill level 4 in Fire Magic
  2532 | D:3      | Found a transporter.
  2706 | D:3      | Found an iron altar of Okawaru.
  2707 | D:3      | Found a shimmering blue altar of Sif Muna.
  2889 | D:3      | Noticed Terence
  2897 | D:3      | HP: 4/27 [Terence (5)]
  2902 | D:3      | HP: 1/27 [Terence (9)]
  3138 | D:3      | Learned a level 3 spell: Conjure Flame
  3143 | D:3      | Learned a level 4 spell: Sticky Flame
  3178 | D:3      | Killed Terence
  3179 | D:3      | Reached XP level 5. HP: 31/31 MP: 7/9
  3458 | D:4      | Found a burning altar of Makhleb.
  3726 | D:4      | Reached skill level 3 in Spellcasting
  3732 | D:4      | Reached XP level 6. HP: 33/36 MP: 1/10
  4185 | D:4      | Reached skill level 5 in Fire Magic
  4432 | D:4      | HP: 6/36 [ogre (13)]
  4441 | D:3      | Mangled by an ogre

Levels and vault maps discovered:
D:1:      erik_arrival_cave_to_civilisation [erik_arrival_cave_to_temple],
          layout_loops_ring, basic_ecumenical_altar, serial_shops, shop
D:2:      layout_rooms
D:3:      gammafunk_wand_slinger, layout_loops_ring,
          mainiacjoe_overflow_divided_tiny, uniq_terence
D:4:      layout_loops_ring, bloody_makhleb

Action                   |  1- 3 |  4- 6 || total
-------------------------+-------+-------++-------
Melee: Dagger            |    23 |    36 ||    59
       Constrict         |     5 |     7 ||    12
       Tentacles         |     3 |     3 ||     6
Throw: Dart              |       |     5 ||     5
       Throwing net      |       |     1 ||     1
 Cast: Foxfire           |    44 |    64 ||   108
  Use: Scroll            |       |     4 ||     4
       Potion            |       |     3 ||     3
 Stab: Sleeping          |     6 |     5 ||    11
Armor: Skin              |     6 |     6 ||    12
Dodge: Dodged            |    41 |    55 ||    96
